 Dungeon Crawl Stone Soup version 0.30-a0-772-g5528072125 (webtiles) character file.

Game seed: 6173893531306839162

1956 avis the Skirmisher (level 8, -1/66 HPs)
             Began as a Demigod Hunter on Feb 12, 2023.
             Slain by an ice beast (14 damage)
             ... on level 5 of the Dungeon.
             The game lasted 00:26:36 (4795 turns).

avis the Skirmisher (Demigod Hunter)                Turns: 4795, Time: 00:26:37

Health: -1/66      AC:  3    Str: 12    XL:     8   Next: 67%
Magic:  10/10      EV: 14    Int: 11    God:
Gold:   292        SH:  0    Dex: 25    Spells: 7/7 levels left

rFire   . . .      SeeInvis .    a - +0 shortbow
rCold   . . .      Faith    .    (shield currently unavailable)
rNeg    . . .      Spirit   .    c - +0 leather armour
rPois   .          Reflect  .    (no helmet)
rElec   .          Harm     .    (no cloak)
rCorr   .          Rampage  .    (no gloves)
Will    .....                    (no boots)
Stlth   ++                       (no amulet)
HPRegen 0.31/turn                (no ring)
MPRegen 0.12/turn                (no ring)

@: no status effects
A: high MP 1, forlorn, divine attributes
a: no special abilities


You were on level 5 of the Dungeon.
You visited 2 branches of the dungeon, and saw 6 of its levels.
You also visited: Sewer.

You collected 292 gold pieces.

Inventory:

Hand Weapons
 a - a +0 shortbow (weapon)
 b - a +0 scimitar
 f - a +2 hand axe of flaming
Missiles
 g - a boomerang
 i - 12 poisoned darts
Armour
 c - a +0 leather armour (worn)
Jewellery
 m - a ring of ice
Scrolls
 e - 7 scrolls of teleportation
 h - a scroll of blinking {unknown}
 j - a scroll of identify
 k - 3 scrolls of fog {unknown}
 p - a scroll of brand weapon {unknown}
 q - a scroll of enchant weapon {unknown}
 t - a scroll of magic mapping {unknown}
 x - a scroll of fear {unknown}
 y - 2 scrolls of poison {unknown}
 z - a scroll of enchant armour {unknown}
Potions
 d - a potion of degeneration
 n - a potion of resistance
 o - a potion of flight
 s - a potion of ambrosia
 u - 2 potions of brilliance
 v - a potion of might {unknown}


   Skills:
 - Level 4.0 Fighting
 * Level 10.0 Ranged Weapons
 - Level 4.0 Dodging
 - Level 2.0 Stealth


You had 7 spell levels left.
You didn't know any spells.
Your spell library was empty.

Dungeon Overview and Level Annotations

Branches:
Dungeon (5/15)             Temple (1/1) D:4           Sewer (visited)


Innate Abilities, Weirdness & Mutations

You have an increased reservoir of magic. (+10% MP)
You shall have no god before yourself.
Your divine heritage dramatically boosts your attributes as you level up.


Message History

You kill the iguana!
Your Ranged Weapons skill increases to level 10!
Fire: a) +0 shortbow
Press: ? - help, Q - select action, (/) - cycle Shift-Dir - straight line, f - ice beast
Aim: an ice beast (71% to hit)
You shoot an arrow. The arrow hits the ice beast.
The ice beast is moderately wounded.
Fire: a) +0 shortbow
Press: ? - help, Q - select action, (/) - cycle Shift-Dir - straight line, f/p - ice beast
Aim: an ice beast (moderately wounded, 71% to hit)
You shoot an arrow. The arrow closely misses the ice beast.
The sentinel's mark upon you fades away.
The ice beast hits you but does no damage.
Fire: a) +0 shortbow
Press: ? - help, Q - select action, (/) - cycle Shift-Dir - straight line, f/p - ice beast
Aim: an ice beast (moderately wounded, 71% to hit)
You shoot an arrow. The arrow barely misses the ice beast.
The ice beast closely misses you.
Fire: a) +0 shortbow
Press: ? - help, Q - select action, (/) - cycle Shift-Dir - straight line, f/p - ice beast
Aim: an ice beast (moderately wounded, 71% to hit)
You shoot an arrow. The arrow hits the ice beast.
The ice beast is moderately wounded.
The ice beast hits you. The ice beast freezes you!
* * * LOW HITPOINT WARNING * * *
Fire: a) +0 shortbow
Press: ? - help, Q - select action, (/) - cycle Shift-Dir - straight line, f/p - ice beast
Aim: an ice beast (moderately wounded, 71% to hit)
You shoot an arrow.
The arrow hits the ice beast but does no damage.
The ice beast is moderately wounded.
The ice beast hits you but does no damage.
Fire: a) +0 shortbow
Press: ? - help, Q - select action, (/) - cycle Shift-Dir - straight line, f/p - ice beast
Aim: an ice beast (moderately wounded, 71% to hit)
You shoot an arrow. The arrow closely misses the ice beast.
The ice beast hits you.
* * * LOW HITPOINT WARNING * * *
The ice beast freezes you!
You die...

<....##.##...# ##.#
......#'#...## #.#
...........########.#
..........##.≈....≈†##
.........##
..~..~...## ...>.....#
..~..~..≈.# ...##..###
~†.≈~..~..## .#######
########†..# .#
##.8Y@8.##..## .#
#)....^..##).#
#..######..##.## #..##
##^.#..# #.# ##.##.#
#.. #..#)# #.. #..#†#
#. ##.##.# .# ##..#..#


You could see an ice beast.

Vanquished Creatures
  A two-headed ogre (D:5)
  A water moccasin (D:5)
  Pargi (Sewer)
  2 ice beasts (D:5)
  A black bear (D:4)
  2 ogres
  A necrophage (D:5)
  A bullfrog (D:4)
  2 scorpions
  A howler monkey (D:5)
  2 hounds (D:5)
  A jelly (D:4)
  Terence (D:3)
  An iguana (D:5)
  Natasha (thrice) (D:2)
  An orc wizard (D:4)
  2 gnolls (D:5)
  6 adders
  A river rat (D:3)
  2 ufetubi
  4 worms
  7 dart slugs
  18 orcs
  4 endoplasms
  3 giant cockroaches
  3 goblins
  4 hobgoblins
  2 jackals (D:1)
  4 quokkas
  8 ball pythons
  7 bats
  6 frilled lizards
  5 kobolds
  8 rats
116 creatures vanquished.

Notes
Turn   | Place    | Note
-------+----------+-------------------------------------------
     0 | D:1      | avis the Demigod Hunter began the quest for the Orb.
     0 | D:1      | Reached XP level 1. HP: 17/17 MP: 3/3
   121 | D:1      | Reached skill level 1 in Stealth
   137 | D:1      | Reached XP level 2. HP: 24/24 MP: 4/4
   643 | D:2      | Noticed Natasha
   651 | D:2      | Killed Natasha
   652 | D:2      | Reached skill level 4 in Ranged Weapons
   652 | D:2      | Reached XP level 3. HP: 20/29 MP: 5/5
   742 | D:2      | Noticed Natasha
   750 | D:2      | Killed Natasha
   880 | D:2      | Reached XP level 4. HP: 35/37 MP: 6/6
  1394 | D:2      | Noticed Natasha
  1405 | D:2      | Killed Natasha
  1744 | D:3      | Noticed Terence
  1818 | D:3      | Reached XP level 5. HP: 45/45 MP: 7/7
  2204 | D:3      | Found a glowing drain.
  2219 | Sewer    | Entered a sewer
  2254 | Sewer    | Noticed Pargi
  2263 | Sewer    | HP: 2/45 [Pargi (2)]
  2280 | Sewer    | HP: 1/45 [Pargi (2)]
  2281 | Sewer    | Killed Pargi
  2282 | Sewer    | Reached skill level 5 in Ranged Weapons
  2644 | D:3      | Killed Terence
  2645 | D:3      | Reached XP level 6. HP: 51/51 MP: 8/8
  3206 | D:4      | Reached skill level 6 in Ranged Weapons
  3421 | D:4      | Found a staircase to the Ecumenical Temple.
  3668 | D:4      | Reached skill level 7 in Ranged Weapons
  3668 | D:4      | Reached XP level 7. HP: 43/57 MP: 9/9
  4024 | Temple   | Entered the Ecumenical Temple
  4048 | D:5      | Entered Level 5 of the Dungeon
  4536 | D:5      | Reached skill level 8 in Ranged Weapons
  4740 | D:5      | Reached XP level 8. HP: 66/66 MP: 10/10
  4752 | D:5      | Noticed a two-headed ogre
  4762 | D:5      | Killed a two-headed ogre
  4763 | D:5      | Reached skill level 9 in Ranged Weapons
  4790 | D:5      | Reached skill level 10 in Ranged Weapons
  4795 | D:5      | Slain by an ice beast

Illustrated notes

Levels and vault maps discovered:
D:1:      ebering_hopf_link, layout_loops_ring
D:2:      layout_loops_corners, dreamdust_ecumenical_altar_statues,
          minmay_tall_x, uniq_natasha
D:3:      minmay_recursive_quarters, layout_basic,
          gammafunk_temple_overflow_forgotten, portal_sewer_entry_e,
          uniq_terence
D:4:      layout_basic, mainiacjoe_overflow_alcove_2, minmay_temple_entry_ruins
D:5:      layout_gridville, hangedman_decor_riveting, nicolae_hexahallways,
          hangedman_decor_lopped, nzn_random_ring
Temple:   nicolae_temple_bog_church

Skill      XL: |  1  2  3  4  5  6  7  8 |
---------------+-------------------------+-----
Stealth        | 1 2 |  2.0
Fighting       | 2 3 4 |  4.0
Dodging        | 2 3 4 |  4.0
Ranged Weapons | 4 5 7 8 10 | 10.0

Action                     |  1- 3 |  4- 6 |  7- 9 || total
---------------------------+-------+-------+-------++-------
  Melee: Mace              |       |     5 |       ||     5
   Fire: Shortbow          |    73 |   195 |   111 ||   379
  Throw: Dart              |       |     2 |       ||     2
    Use: Scroll            |       |     7 |     3 ||    10
         Potion            |       |     3 |       ||     3
 Armour: Leather armour    |     2 |    29 |     8 ||    39
  Dodge: Dodged            |    12 |   102 |    45 ||   159

Table legend: (Time is in decaauts)
 A = Elapsed time spent in this place.
 B = Non-inter-level travel time spent in this place.
 C = Inter-level travel time spent in this place.
 D = Time resting spent in this place.
 E = Time spent auto-exploring this place.
 F = Levels seen in this place.
 G = Mean time per level.
                   A        B        C        D        E       F      G
               +--------+--------+--------+--------+--------+-----+--------+
         Total |   4949 |   4516 |    433 |    800 |   2157 |   7 |  707.0 |
       Dungeon |   4561 |   4128 |    433 |    643 |   2122 |   5 |  912.2 |
        Temple |      8 |      8 |      0 |      0 |      0 |   1 |    8.0 |
         Sewer |    379 |    379 |      0 |    157 |     34 |   1 |  379.0 |
               +--------+--------+--------+--------+--------+-----+--------+

Top non-repeatable levels by time:
     D:3: 1169 daAuts
     D:2: 1108 daAuts
     D:4: 1048 daAuts
     D:1: 678 daAuts
     D:5: 556 daAuts
   Sewer: 379 daAuts
  Temple: 8 daAuts
